 Dungeon Crawl Stone Soup version 0.29-a0-1006-g0dd7720b37 (webtiles) character file.

Game seed: 15096262499369746544

345 Sobieck the Cleaver (level 6, -2/51 HPs)
             Began as a Hill Orc Monk on Aug 6, 2022.
             Slain by Duvessa
             ... wielding a +0 short sword
              (6 damage)
             ... on level 4 of the Dungeon.
             The game lasted 00:07:15 (4344 turns).

Sobieck the Cleaver (Hill Orc Monk)                 Turns: 4344, Time: 00:07:16

Health: -2/51      AC:  6    Str: 16    XL:     6   Next: 58%
Magic:  6/6        EV: 10    Int: 10    God:
Gold:   160        SH:  0    Dex: 19    Spells: 5/5 levels left

rFire   + . .      SeeInvis .   a - +1 hand axe {axe}
rCold   . . .      Faith    .   (no shield)
rNeg    . . .      Spirit   .   x - +0 scale mail
rPois   .          Reflect  .   (no helmet)
rElec   .          Harm     .   (no cloak)
rCorr   .          Rampage  .   (no gloves)
Will    .....                   (no boots)
Stlth   +.........              (no amulet)
HPRegen 0.17/turn               l - ring of protection from fire
MPRegen 0.10/turn               h - +6 ring of dexterity

@: flying, hasted, very quick
A: no striking features
a: no special abilities


You were on level 4 of the Dungeon.
You visited 1 branch of the dungeon, and saw 4 of its levels.

You collected 160 gold pieces.


   Skills:
 - Level 3.6 Fighting
 * Level 9.4 Axes
 - Level 2.4 Dodging
 - Level 1.5 Stealth


You had 5 spell levels left.
You didn't know any spells.
Your spell library was empty.

Inventory:

Hand Weapons
 a - a +1 hand axe (weapon) {axe}
 b - a +0 sling
   (You found it on level 1 of the Dungeon)
 f - a +0 short sword of speed {short}
   (You took it off a kobold on level 1 of the Dungeon)
 i - a +0 dagger of speed {short}
   (You found it on level 1 of the Dungeon)
Missiles
 e - 11 poisoned darts (quivered) {throwing}
 g - 34 stones {throwing}
Armour
 j - a +0 leather armour
   (You found it on level 4 of the Dungeon)
 m - a +0 robe
 x - a +0 scale mail (worn)
   (You found it on level 3 of the Dungeon)
 z - a +0 leather armour
   (You took it off an orc on level 3 of the Dungeon)
Magical Staves
 t - a staff of conjuration {!a@e2staff}
   (You found it on level 2 of the Dungeon)
Jewellery
 h - a +6 ring of dexterity (right hand)
   (You found it on level 1 of the Dungeon)
 l - a ring of protection from fire (left hand)
   (You found it on level 1 of the Dungeon)
 D - a ring of flight
   (You found it on level 4 of the Dungeon)
 F - a ring of resist corrosion
   (You found it on level 4 of the Dungeon)
Wands
 y - a wand of flame (15)
   (You took it off a goblin on level 3 of the Dungeon)
Scrolls
 k - a scroll of brand weapon {unknown}
 o - a scroll of butterflies {unknown}
 p - 2 scrolls of noise {unknown}
 r - 2 scrolls of teleportation {unknown}
 s - 4 scrolls of identify {unknown}
 w - 5 scrolls of magic mapping {unknown}
 E - a scroll of poison {unknown}
Potions
 c - a potion of ambrosia
 n - a potion of lignification {unknown}
 q - a potion of curing {unknown}
 u - a potion of attraction {unknown}
 v - a potion of flight
 A - a potion of cancellation {unknown}
 B - a potion of degeneration {unknown}
 C - a potion of might {unknown}

Dungeon Overview and Level Annotations

Branches:
Dungeon (4/15) Zot: 19655
 Temple: D:4-7

Altars:
Dithmenos
Hepliaklqana
Kikubaaqudgha
Nemelex Xobeh
Trog
Vehumet

Annotations:
D:3 Sigmund
D:4 Dowan, Duvessa

#.## . #.# #...
#.# ####.. . #.#
####.... #.#
.....## ##.##
###### #...####
#..e..e# ####
#...##e# ...#
######@# ##.# #.#
#.# ##########.#
##.####..........#
##......##########
######### # # #


You could see Duvessa (fast) and Dowan.


Message History

You hit the necrophage. The necrophage barely misses you.
You slash the necrophage! You completely miss the necrophage.
The necrophage hits you but does no damage.
You hit the necrophage. The necrophage hits you.
You hit the necrophage. The necrophage barely misses you.
You barely miss the necrophage.
The necrophage hits you but does no damage.
Unknown command.
You closely miss the necrophage.
The necrophage hits you but does no damage.
You hit the necrophage.
You destroy the necrophage!
Your life force feels restored.
You see here a necrophage corpse.
You start resting.
Unknown command.
b - a +0 sling (weapon)
You now have 160 gold pieces (gained 10).
E - a scroll labelled HIUMIOJOC TOPNYSCH Unknown command.
F - a ring of resist corrosion You see here a +0 hand axe {axe}.
Duvessa and Dowan come into view.
Duvessa shouts!
Dowan shouts!
Danger!
Dowan attacks as you move away! Dowan hits you but does no damage.
Unknown command.
Duvessa says, "My weaknesses are his strengths!"
Unknown command.
Dowan casts a spell.
Dowan blinks!
Unknown command.
Dowan gestures at you while chanting. The puff of frost hits you.
You see here a +0 hand axe {axe}.
Unknown command.
a - a +1 hand axe (weapon)
{axe} Unknown command.
You hit Duvessa but do no damage. You hit Duvessa.
Duvessa hits you but does no damage.
You hit Duvessa but do no damage. Duvessa barely misses you.
You hit Duvessa.
Dowan casts a spell.
Dowan blinks!
Duvessa closely misses you.
You hit Duvessa but do no damage. You hit Dowan.
Dowan hits you with a +0 dagger. Duvessa hits you with a +0 short sword.
You hit Duvessa but do no damage. You hit Dowan.
Dowan hits you with a +0 dagger. Duvessa closely misses you.
Unknown command.
You hit Duvessa. You hit Dowan. Dowan completely misses you.
Duvessa hits you with a +0 short sword.
You completely miss Duvessa. You hit Dowan. You closely miss Duvessa.
You barely miss Dowan. Dowan gestures at you while chanting.
The puff of frost hits you! Duvessa hits you with a +0 short sword.
You barely miss Duvessa. You hit Dowan.
Dowan points at you and mumbles some strange words.
You resist with some effort. Duvessa hits you with a +0 short sword!
* * * LOW HITPOINT WARNING * * *
Unknown command.
You barely miss Duvessa. You hit Dowan. Dowan hits you with a +0 dagger.
* * * LOW HITPOINT WARNING * * *
Duvessa barely misses you.
It was a potion of haste.
You feel yourself speed up. Dowan hits you with a +0 dagger.
* * * LOW HITPOINT WARNING * * *
Duvessa hits you with a +0 short sword.
* * * LOW HITPOINT WARNING * * *
It was a potion of flight.
You feel very buoyant.
You fly up into the air.
Dowan closely misses you. Duvessa hits you but does no damage.
You closely miss Duvessa. You hit Dowan. You hit Duvessa.
You hit Dowan but do no damage.
Dowan mumbles some strange words.
Dowan blinks!
Duvessa hits you but does no damage.
You hit Duvessa. You hit Duvessa. Duvessa hits you with a +0 short sword.
* * * LOW HITPOINT WARNING * * *
You hit Duvessa.
Unknown command.
You hit Duvessa. Duvessa closely misses you.
You hit Duvessa but do no damage. Duvessa completely misses you.
You barely miss Duvessa. You closely miss Duvessa.
Duvessa hits you with a +0 short sword.
* * * LOW HITPOINT WARNING * * *
You hit Duvessa. You hit Duvessa but do no damage.
Dowan points at Duvessa and mumbles some strange words.
Duvessa seems to speed up.
Duvessa hits you with a +0 short sword.
* * * LOW HITPOINT WARNING * * *
You hit Duvessa but do no damage. You hit Duvessa.
Duvessa hits you with a +0 short sword.
* * * LOW HITPOINT WARNING * * *
You hit Duvessa. Duvessa barely misses you.
You hit Duvessa. Duvessa hits you with a +0 short sword.
* * * LOW HITPOINT WARNING * * *
You closely miss Duvessa. Duvessa hits you with a +0 short sword.
You die...

Skill      XL: |  1  2  3  4  5  6 |
---------------+-------------------+-----
Axes           | 5 6 7 8 9 |  9.4
Fighting       | |  3.6
Dodging        | |  2.4
Stealth        | |  1.5

Action                   |  1- 3 |  4- 6 || total
-------------------------+-------+-------++-------
Melee: Hand axe          |    96 |   129 ||   225
       Short sword       |    15 |       ||    15
       Punch             |       |     2 ||     2
 Fire: Sling             |    46 |    55 ||   101
  Use: Scroll            |       |     1 ||     1
       Potion            |       |     2 ||     2
Armor: Robe              |    23 |     3 ||    26
       Scale mail        |       |    35 ||    35
Dodge: Dodged            |    77 |    72 ||   149

Levels and vault maps discovered:
D:1:      tarquinn_simple_flora_water_b, layout_loops_cross, eino_curves_03,
          minmay_misc_feat_iff
D:2:      layout_loops_ring
D:3:      kennysheep_goblin_castle, layout_loops_ring,
          nemelex_diamond_rough_becter, vehumet_altar_wand_db,
          ebering_ecumenical_altar_abandoned, uniq_sigmund
D:4:      layout_loops_cross, kennysheep_mini, nicolae_overflow_hidden_temple,
          chequers_serial_rivers_small_a, uniq_crazy_yiuf_cottage, uniq_duvessa,
          uniq_grinder

Notes
Turn   | Place    | Note
-------+----------+-------------------------------------------
     0 | D:1      | Sobieck the Hill Orc Monk began the quest for the Orb.
     0 | D:1      | Reached XP level 1. HP: 19/19 MP: 1/1
   572 | D:1      | Reached XP level 2. HP: 12/26 MP: 2/2
   841 | D:1      | Reached skill level 5 in Axes
  1346 | D:1      | Reached XP level 3. HP: 31/31 MP: 3/3
  1660 | D:2      | Reached skill level 6 in Axes
  2016 | D:2      | Reached XP level 4. HP: 23/39 MP: 4/4
  2934 | D:3      | Found a radiant altar of Vehumet.
  2941 | D:3      | Noticed a necrophage
  2963 | D:3      | Killed a necrophage
  2964 | D:3      | Reached skill level 7 in Axes
  2964 | D:3      | Reached XP level 5. HP: 21/45 MP: 5/5
  3214 | D:3      | Noticed Sigmund
  3314 | D:3      | Found a faded altar of an unknown god.
  3569 | D:3      | Reached skill level 8 in Axes
  3671 | D:3      | Found a sparkling altar of Nemelex Xobeh.
  3727 | D:4      | Noticed a black bear
  3743 | D:4      | Killed a black bear
  3744 | D:4      | Reached XP level 6. HP: 27/51 MP: 6/6
  3919 | D:4      | Found a bloodstained altar of Trog.
  3973 | D:4      | Found an ancient bone altar of Kikubaaqudgha.
  3973 | D:4      | Found a shadowy altar of Dithmenos.
  3977 | D:4      | Found a hazy altar of Hepliaklqana.
  4006 | D:4      | Reached skill level 9 in Axes
  4304 | D:4      | Noticed Duvessa
  4304 | D:4      | Noticed Dowan
  4337 | D:4      | HP: 11/51 [Duvessa/+0 short sword (4)]
  4341 | D:4      | HP: 5/51 [Duvessa/+0 short sword (5)]
  4344 | D:4      | Slain by Duvessa

Vanquished Creatures
  A black bear (D:4)
  2 necrophages
  4 adders
  3 worms
  2 dart slugs
  2 orcs (D:3)
  4 bats
  7 endoplasms
  2 giant cockroaches
  3 hobgoblins
  8 jackals
  5 quokkas
  4 ball pythons
  6 frilled lizards
  6 goblins
  9 kobolds
  4 rats
72 creatures vanquished.

Table legend:
 A = Non-vault XP
 B = Vault XP
 C = Vault XP percentage of total XP
 D = Non-vault monster count
 E = Vault monster count
 F = Vault count percentage of total count
                 A         B        C        D         E       F
            +---------+---------+-------+---------+---------+-------
      Total |     483 |      11 |   2.2 |      66 |       6 |   8.3
            +---------+---------+-------+---------+---------+-------
        D:1 |      41 |       0 |   0.0 |      23 |       0 |   0.0
        D:2 |      60 |       4 |   6.2 |      20 |       2 |   9.1
        D:3 |     130 |       7 |   5.1 |      14 |       4 |  22.2
        D:4 |     252 |       0 |   0.0 |       9 |       0 |   0.0
            +---------+---------+-------+---------+---------+-------

Illustrated notes

Table legend:
 A = Kills in this place as a percentage of kills in entire the game.
 B = Kills by you in this place as a percentage of kills by you in the entire game.
 C = Kills by friends in this place as a percentage of kills by friends in the entire game.
 D = Other kills in this place as a percentage of other kills in the entire game.
 E = Experience gained in this place as a percentage of experience gained in the entire game.
 F = Experience gained in this place divided by the number of levels of this place that you have seen.
                   A       B       C       D       E      F
               +-------+-------+-------+-------+-------+----------------------
         Total | 100.0 | 100.0 |   N/A |   N/A | 100.0 | 123.5
       Dungeon | 100.0 | 100.0 |   N/A |   N/A | 100.0 | 123.5
               +-------+-------+-------+-------+-------+----------------------

Table legend: (Time is in decaauts)
 A = Elapsed time spent in this place.
 B = Non-inter-level travel time spent in this place.
 C = Inter-level travel time spent in this place.
 D = Time resting spent in this place.
 E = Time spent auto-exploring this place.
 F = Levels seen in this place.
 G = Mean time per level.
                   A        B        C        D        E       F      G
               +--------+--------+--------+--------+--------+-----+--------+
         Total |   4343 |   4233 |    110 |   1257 |   2337 |   4 | 1085.8 |
       Dungeon |   4343 |   4233 |    110 |   1257 |   2337 |   4 | 1085.8 |
               +--------+--------+--------+--------+--------+-----+--------+

Top non-repeatable levels by time:
     D:1: 1535 daAuts
     D:2: 1285 daAuts
     D:3: 883 daAuts
     D:4: 639 daAuts
